 Dungeon Crawl Stone Soup version 0.25-a0-292-gaa31f046c4 (webtiles) character file.

Game seed: 17543248199730177059, levelgen mode: deterministic

4812 CheeseeCupcake the Spear-Bearer (level 10, 0/75 HPs)
             Began as a Merfolk Fighter on Dec 15, 2019.
             Was an Initiate of Gozag.
             Succumbed to a killer bee's poison
             ... on level 9 of the Dungeon.
             The game lasted 00:30:43 (10968 turns).

CheeseeCupcake the Spear-Bearer (Merfolk Fighter)  Turns: 10968, Time: 00:30:43

Health: 0/75       AC:  9    Str: 21    XL:     10   Next: 48%
Magic:  10/10      EV: 16    Int:  7    God:    Gozag
Gold:   813        SH:  0    Dex: 13    Spells: 9/9 levels left

rFire    . . .     SeeInvis .   a - +0 trident
rCold    . . .     Gourm    .   (no shield)
rNeg     . . .     Faith    .   b - +0 scale mail
rPois    .         Spirit   .   (no helmet)
rElec    .         Reflect  .   (no cloak)
rCorr    .         Harm     .   w - +0 pair of gloves
MR       .....                  (no boots)
Stlth    +.........             (no amulet)
HPRegen  0.22/turn              n - +2 ring of protection
MPRegen  0.12/turn              z - ring of stealth

@: lethally poisoned (0 -> -7)
A: change form in water, swift swim, stealthy swim
a: Potion Petition, Call Merchant, Bribe Branch, Renounce Religion


You were on level 9 of the Dungeon.
You worshipped Gozag.
Gozag was pleased with you.
You were not hungry.

You visited 2 branches of the dungeon, and saw 10 of its levels.
You also visited: Sewer.

You collected 895 gold pieces.
You paid 82 gold pieces to Gozag.

Inventory:

Hand Weapons
 a - a +0 trident (weapon)
Armour
 b - a +0 scale mail (worn)
 w - a +0 pair of gloves (worn)
Jewellery
 n - a +2 ring of protection (left hand)
 z - a ring of stealth (right hand)
 C - an uncursed ring of fire
Wands
 k - a wand of acid (7)
 q - a wand of polymorph (16)
 x - a wand of iceblast (8)
 y - a wand of random effects (19)
 A - a wand of scattershot (4)
Scrolls
 c - 2 scrolls of remove curse
 g - 6 scrolls of identify
 o - 3 scrolls of teleportation {unknown}
 s - 4 scrolls of fog {unknown}
 t - a scroll of noise {unknown}
 u - 2 scrolls of enchant armour {unknown}
 v - 2 scrolls of fear {unknown}
 B - a scroll of magic mapping
 D - a scroll of immolation {unknown}
Potions
 d - 3 potions of might
 e - a potion of lignification {unknown}
 h - a potion of cancellation {unknown}
 i - 5 potions of flight {unknown}
 j - 2 potions of resistance
 m - 4 potions of heal wounds {unknown}
 p - 4 potions of haste
 r - a potion of brilliance {unknown}
Comestibles
 f - a ration


   Skills:
 + Level 5.6 Fighting
 - Level 14.6 Polearms
 - Level 2.1 Armour
 + Level 12.3 Dodging
   Level 3.0 Shields


You had 9 spell levels left.
You didn't know any spells.
Your spell library contained the following spells:

 Spells                   Type           Power        Failure   Level  Hunger
 Animate Skeleton         Necr           N/A          78%         1    ##.....
 Apportation              Tloc           #.....       78%         1    ##.....
 Confusing Touch          Hex            #.....       78%         1    ##.....
 Summon Small Mammal      Summ           #...         78%         1    ##.....
 Cause Fear               Hex            #.........   100%        4    #####..
 Silence                  Hex/Air        #.........   100%        5    ######.
 Yara's Violent Unravell  Hex/Tmut       #.........   100%        5    ######.
 Deflect Missiles         Chrm/Air       #.........   100%        6    #######
 Discord                  Hex            #.........   100%        8    #######


Dungeon Overview and Level Annotations

Branches:
Dungeon (9/15)             Temple (1/1) D:6           Sewer (visited)
   Lair: D:8-11         Orc: D:9-12

Altars:
Ashenzari
Cheibriados
Dithmenos
Elyvilon
Fedhas
Gozag
Hepliaklqana
Kikubaaqudgha
Makhleb
Nemelex Xobeh
Okawaru
Qazlal
Ru
Sif Muna
Trog
Uskayaw
Vehumet
Wu Jian
Xom
Yredelemnul
Zin
The Shining One
Beogh

Shops:
D:6 :

Annotations:
D:3 3 runed translucent doors, exclusion: 3 doors, astraldaughter's ghost, amateur OgWn


Message History

You miss the killer bee.
The killer bee is severely wounded.
* * * LOW HITPOINT WARNING * * *
You feel sick.
The killer bee is no longer distracted by gold.
The killer bee stings you.
* * * LOW HITPOINT WARNING * * *
The killer bee completely misses you.
You hit the killer bee but do no damage.
The killer bee is severely wounded.
* * * LOW HITPOINT WARNING * * *
You feel sick. The killer bee barely misses you.
The killer bee stings you but does no damage.
You miss the killer bee.
The quokka is no longer distracted by gold.
The killer bee barely misses you. The killer bee closely misses you.
You hit the killer bee but do no damage.
The killer bee is severely wounded.
You die...
Your body crumbles into a pile of gold.

#### #..#############
#............)(.
#........######
###...####.###########
........##.....y@yyyy#
............########r#
.###.......>.. #.# .#
#........## #y# .#
####.##..# #y# .#
#.##..# #.# .# #.##..#
.#####r### .#
................# .#
..##♣♣♣.#.#


You could see 5 killer bees and a quokka.

Vanquished Creatures
  Harold (D:8)
  An ugly thing (D:7)
  A hungry ghost (D:9)
  An orc warrior (D:8)
  An ice beast (D:6)
  6 ogres
  A phantom (D:4)
  3 centaurs
  A big kobold (Sewer)
  A crocodile (D:9)
  2 bullfrogs
  A scorpion (D:8)
  23 killer bees (D:9)
  2 howler monkeys
  4 crimson imps
  8 orc priests
  A jelly (D:7)
  4 hounds
  3 orc wizards
  2 iguanas
  Jessica (D:2)
  5 worker ants
  A killer bee zombie (D:8)
  4 gnolls (D:7)
  14 adders
  2 howler monkey skeletons
  A river rat (Sewer)
  4 shadow imps
  2 oozes
  An adder skeleton (D:9)
  An adder zombie (D:7)
  5 worms
  3 dart slugs (D:1)
  6 leopard geckos
  22 orcs
  9 giant cockroaches
  6 goblins
  6 hobgoblins
  2 jackals (Sewer)
  5 quokkas
  3 ball pythons
  7 bats
  3 frilled lizards
  8 kobolds
  2 leopard gecko skeletons
  A quokka skeleton (D:5)
  12 rats
203 creatures vanquished.

Notes
Turn   | Place    | Note
-------+----------+-------------------------------------------
     0 | D:1      | CheeseeCupcake the Merfolk Fighter began the quest for the
                  | Orb.
     0 | D:1      | Reached XP level 1. HP: 18/18 MP: 1/1
    93 | D:1      | Reached skill level 1 in Dodging
    93 | D:1      | Reached XP level 2. HP: 23/24 MP: 2/2
   126 | D:1      | Reached skill level 4 in Polearms
   586 | D:1      | Reached XP level 3. HP: 28/29 MP: 3/3
   754 | D:2      | Noticed Jessica
   756 | D:2      | Killed Jessica
   756 | D:2      | Reached skill level 5 in Polearms
   762 | D:2      | Reached XP level 4. HP: 35/35 MP: 4/4
  1858 | D:3      | Reached skill level 6 in Polearms
  2023 | D:3      | Reached XP level 5. HP: 30/41 MP: 5/5
  2409 | D:3      | Reached skill level 7 in Polearms
  2940 | D:3      | Reached XP level 6. HP: 47/47 MP: 6/6
  3051 | D:3      | Found a runed translucent gate.
  3051 | D:3      | Found a runed translucent gate.
  3051 | D:3      | Found a runed translucent gate.
  3051 | D:3      | Noticed astraldaughter's ghost (amateur OgWn)
  3053 | D:3      | Identified the +7 mace "Eze Liri" {elec, rElec MR+++ Str+5
                  | Int-4}
  3053 | D:3      | Identified the +7 chain mail of the Evening Star {*Corrode
                  | Str+3 Stlth+}
  3054 | D:3      | Found a roughly hewn altar of Beogh.
  3223 | D:4      | Reached skill level 8 in Polearms
  3464 | D:4      | Noticed a phantom
  3485 | D:4      | Killed a phantom
  3485 | D:4      | Reached skill level 5 in Dodging
  3485 | D:4      | Reached XP level 7. HP: 49/52 MP: 7/7
  3517 | D:4      | Reached skill level 9 in Polearms
  4296 | D:4      | Found a sacrificial altar of Ru.
  4586 | D:5      | Entered Level 5 of the Dungeon
  4617 | D:5      | Reached skill level 10 in Polearms
  4765 | D:5      | Found a glowing drain.
  4881 | Sewer    | Entered a sewer
  4995 | Sewer    | Found a glowing silver altar of Zin.
  5172 | D:5      | Reached XP level 8. HP: 54/58 MP: 8/8
  5424 | D:5      | Found a sparkling altar of Nemelex Xobeh.
  5529 | D:6      | Reached skill level 11 in Polearms
  5716 | D:6      | Found Xativvyt's Book Emporium.
  6280 | D:6      | Found a staircase to the Ecumenical Temple.
  6288 | Temple   | Entered the Ecumenical Temple
  6392 | Temple   | Became a worshipper of Gozag Ym Sagoz the Greedy
  6495 | D:6      | Reached skill level 12 in Polearms
  7476 | D:7      | Reached XP level 9. HP: 57/64 MP: 9/9
  7510 | D:7      | Noticed a purple ugly thing
  7536 | D:7      | Killed a purple ugly thing
  7536 | D:7      | Reached skill level 13 in Polearms
  8220 | D:8      | Noticed Harold
  8234 | D:8      | Killed Harold
  8234 | D:8      | Reached skill level 14 in Polearms
  8423 | D:7      | Reached skill level 10 in Dodging
  8931 | D:8      | Reached XP level 10. HP: 67/70 MP: 10/10
 10664 | D:9      | Reached skill level 5 in Fighting
 10965 | D:9      | HP: 2/75 [killer bee (2)]
 10968 | D:9      | Succumbed to a killer bee's poison

Levels and vault maps discovered:
D:1:      matt_arrival_diagonals, layout_basic, minmay_misc_feat_encased
D:2:      layout_basic, roderic_serpentine_path, uniq_jessica
D:3:      layout_loops_corners, biasface_ghost_orc_armoury
D:4:      layout_loops_ring, kennysheep_little_box, first_ration, kennysheep_nub
D:5:      layout_loops_ring, portal_sewer_entry_c, nemelex_spade_bored_becter
D:6:      layout_loops_ring, minmay_temple_entry_trees, serial_shops,
          kennysheep_mini
D:7:      layout_loops_ring
D:8:      layout_gridville, uniq_harold
D:9:      wad_woods_minihive, layout_loops_ring, serial_shops,
          kennysheep_mini_moat, the_bakery
Temple:   kilobyte_greek_temple

Skill      XL: |  1  2  3  4  5  6  7  8  9 10 |
---------------+-------------------------------+-----
Dodging        | 1 2 3 4 5 6 8 11 12 | 12.3
Polearms       | 4 5 6 7 8 10 12 14 | 14.6
Fighting       | 5 |  5.6
Armour         | |  2.1
Shields        | |  3.0

Action                   |  1- 3 |  4- 6 |  7- 9 | 10-12 || total
-------------------------+-------+-------+-------+-------++-------
Melee: Trident           |    67 |   203 |   530 |   285 ||  1085
       Tailslap          |       |       |     1 |       ||     1
  Use: Scroll            |       |       |     9 |       ||     9
       Potion            |       |       |       |     2 ||     2
 Stab: Distracted        |       |       |       |     1 ||     1
  Eat: Ration            |       |     2 |     2 |     4 ||     8
       Chunk             |       |     1 |    10 |       ||    11
Armor: Scale mail        |    15 |    46 |    80 |    56 ||   197
Dodge: Dodged            |    27 |    67 |   226 |   209 ||   529

Table legend:
 A = Non-vault XP
 B = Vault XP
 C = Vault XP percentage of total XP
 D = Non-vault monster count
 E = Vault monster count
 F = Vault count percentage of total count
                 A         B        C        D         E       F
            +---------+---------+-------+---------+---------+-------
      Total |    4253 |    2622 |  38.1 |     165 |      38 |  18.7
            +---------+---------+-------+---------+---------+-------
        D:1 |      37 |       0 |   0.0 |      19 |       0 |   0.0
        D:2 |      68 |      37 |  35.2 |      17 |       1 |   5.6
        D:3 |     182 |       0 |   0.0 |      25 |       0 |   0.0
        D:4 |     625 |       0 |   0.0 |      21 |       0 |   0.0
        D:5 |     238 |      24 |   9.2 |      10 |       5 |  33.3
        D:6 |     686 |       0 |   0.0 |      18 |       0 |   0.0
        D:7 |    1079 |       0 |   0.0 |      22 |       0 |   0.0
        D:8 |     710 |    1007 |  58.6 |      23 |       1 |   4.2
        D:9 |     628 |    1429 |  69.5 |      10 |      23 |  69.7
      Sewer |       0 |     125 | 100.0 |       0 |       8 | 100.0
            +---------+---------+-------+---------+---------+-------
